 Dungeon Crawl Stone Soup version 0.32-a0-986-ga09f62fbf4 (webtiles) character file.

Game seed: 11982839927993589804

160 shadizar the Shooter (level 4, -12/37 HPs)
             Began as a Demigod Hunter on Apr 21, 2024.
             Mangled by Edmund
             ... wielding a +4 heavy flail
              (14 damage)
             ... on level 4 of the Dungeon.
             The game lasted 00:03:06 (2076 turns).

shadizar the Shooter (Demigod Hunter)               Turns: 2076, Time: 00:03:06

Health: -12/37     AC:  4    Str: 12    XL:     4   Next: 96%
Magic:  6/6        EV: 12    Int: 11    God:
Gold:   165        SH:  0    Dex: 21    Spells: 3/3 levels left

rFire   . . .        a - +0 shortbow
rCold   . . .        (shield currently unavailable)
rNeg    . . .        c - +0 leather armour
rPois   .            (no helmet)
rElec   .            (no cloak)
rCorr   .            (no gloves)
SInv    .            d - +0 pair of boots
Will    .....        (no amulet)
Stlth   ++           (no ring)
HPRegen 0.26/turn    (no ring)
MPRegen 0.10/turn

%: no passive effects
@: no status effects
A: high MP 1, forlorn, divine attributes
a: no special abilities


You were on level 4 of the Dungeon.
You visited 1 branch of the dungeon, and saw 4 of its levels.

You collected 165 gold pieces.

Inventory:

Hand Weapons
 a - a +0 shortbow (weapon)
Armour
 c - a +0 leather armour (worn)
 d - a +0 pair of boots (worn)
Scrolls
 b - a scroll of butterflies
 e - 2 scrolls of identify {unknown}
 f - a scroll of revelation {unknown}
 j - a scroll of immolation {unknown}
Potions
 g - 8 potions of curing {unknown}
 h - a potion of haste {unknown}
 i - a potion of magic {unknown}
 k - 2 potions of brilliance {unknown}


   Skills:
 + Level 2.6 Fighting
 * Level 4.1 Ranged Weapons
 + Level 1.8 Armour
 + Level 2.6 Dodging
 + Level 2.2 Stealth


You had 3 spell levels left.
You didn't know any spells.
Your spell library contained the following spells:

 Spells                   Type           Power      Damage    Failure   Level
 Inner Flame              Hex/Fire       0%         N/A       80%         3
 Irradiate                Conj/Alch      0%         3d11      100%        5
 Ignition                 Fire           0%         3d3       100%        8


Dungeon Overview and Level Annotations

Branches:
Dungeon (4/15)
 Temple: D:4-7

Annotations:
D:3 1 runed translucent door
D:4 Edmund


Innate Abilities, Weirdness & Mutations

You have an increased reservoir of magic. (+10% MP)
You shall have no god before yourself.
Your divine heritage dramatically boosts your attributes as you level up.


Message History

You shoot an arrow. The arrow hits Edmund.
Edmund is severely wounded.
You shoot an arrow. The arrow hits Edmund.
Edmund is severely wounded.
Edmund hits you with a +4 heavy flail!
You shoot an arrow. The arrow barely misses Edmund.
Edmund hits you with a +4 heavy flail!
* * * LOW HITPOINT WARNING * * *
You are too injured to fight recklessly!
You are too injured to fight recklessly!
You don't know any spells.
Sorry, you're not good enough to have a special ability.
Unknown command.
Unknown command.
Unknown command.
Unknown command.
Unknown command.
You shoot an arrow. The arrow hits Edmund.
Edmund is severely wounded.
Edmund misses you.
Fire: a) +0 shortbow
Press: ? - help, Q - select action Shift-Dir - straight line, f/p - Edmund
Aim: Edmund, wielding a +4 heavy flail and wearing a +0 scale mail (severely wounded, 69% to hit)
You shoot an arrow. The arrow barely misses Edmund.
Edmund hits you with a +4 heavy flail!
* * * LOW HITPOINT WARNING * * *
Fire: a) +0 shortbow
Press: ? - help, Q - select action Shift-Dir - straight line, f/p - Edmund
Aim: Edmund, wielding a +4 heavy flail and wearing a +0 scale mail (severely wounded, 69% to hit)
You shoot an arrow. The arrow barely misses Edmund.
Unknown command.
Unknown command.
Fire: a) +0 shortbow
Press: ? - help, Q - select action Shift-Dir - straight line, f/p - Edmund
Aim: Edmund, wielding a +4 heavy flail and wearing a +0 scale mail (severely wounded, 69% to hit)
You shoot an arrow. The arrow hits Edmund!
Edmund is almost dead.
Edmund hits you with a +4 heavy flail!
You die...
Edmund says, "That'll show my brother!"

....#.......... #...........
....'<......... #...........
....#.......... #...........
....#.......... #...........
...####..######+######.......@...
#..####..##.............##'######
..........#.............#....#
..........#.......).....#....#
..........#.....@@......#....#
..........#.............#....#
.......)..#.............#....#
..........#.............#....+
#.#####'#...............#...##
###......#######......###
#......# #†.....# #......#
#......# #......# #......#


You could see Edmund.

Vanquished Creatures
  An orc wizard (D:2)
  5 adders (D:2)
  3 dart slugs
  A ribbon worm (D:2)
  4 orcs (D:3)
  6 ball pythons
  8 endoplasms
  2 giant cockroaches
  7 hobgoblins
  4 jackals (D:1)
  2 quokkas
  8 bats
  2 frilled lizards
  7 goblins
  A goblin skeleton (D:3)
  A jackal skeleton (D:3)
  9 kobolds
  4 rats
75 creatures vanquished.

Notes
Turn   | Place    | Note
-------+----------+-------------------------------------------
     0 | D:1      | shadizar the Demigod Hunter began the quest for the Orb.
     0 | D:1      | Reached XP level 1. HP: 17/17 MP: 3/3
    46 | D:1      | Reached skill level 1 in Stealth
   165 | D:1      | Reached XP level 2. HP: 24/24 MP: 4/4
   564 | D:1      | Reached skill level 1 in Armour
   860 | D:2      | Reached XP level 3. HP: 23/29 MP: 5/5
  1085 | D:2      | Reached skill level 4 in Ranged Weapons
  1204 | D:2      | Reached XP level 4. HP: 37/37 MP: 6/6
  1834 | D:3      | Found a runed translucent door.
  1834 | D:3      | Noticed a human
  2054 | D:4      | Noticed Edmund
  2076 | D:4      | Mangled by Edmund

Illustrated notes

Levels and vault maps discovered:
D:1:      minmay_arrival_radiant_lines, layout_loops_corners, kennysheep_doodads
D:2:      layout_loops_ring, basic_altar
D:3:      layout_rooms, dk_yredelemnul_ordeal,
          mainiacjoe_overflow_small_starburst, mainiacjoe_overflow_alcove_1,
          nicolae_qazlal_scattered_showers,
          dreamdust_ecumenical_altar_angels_and_demons
D:4:      layout_gridville, uniq_edmund, uniq_eustachio, uniq_sigmund

Skill      XL: |  1  2  3  4 |
---------------+-------------+-----
Stealth        | 1 2 |  2.2
Fighting       | 2 |  2.6
Dodging        | 2 |  2.6
Armour         | 1 |  1.8
Ranged Weapons | 4 |  4.1

Action                     |  1- 3 |  4- 6 || total
---------------------------+-------+-------++-------
  Melee: Shortbow          |       |     1 ||     1
   Fire: Shortbow          |   123 |   109 ||   232
 Armour: Leather armour    |    31 |    39 ||    70
  Dodge: Dodged            |    31 |    27 ||    58

Table legend: (Time is in decaauts)
 A = Elapsed time spent in this place.
 B = Non-inter-level travel time spent in this place.
 C = Inter-level travel time spent in this place.
 D = Time resting spent in this place.
 E = Time spent auto-exploring this place.
 F = Levels seen in this place.
 G = Mean time per level.
                   A        B        C        D        E       F      G
               +--------+--------+--------+--------+--------+-----+--------+
         Total |   2133 |   2091 |     42 |      0 |   1619 |   4 |  533.2 |
       Dungeon |   2133 |   2091 |     42 |      0 |   1619 |   4 |  533.2 |
               +--------+--------+--------+--------+--------+-----+--------+

Top non-repeatable levels by time:
     D:1: 852 daAuts
     D:2: 730 daAuts
     D:3: 431 daAuts
     D:4: 119 daAuts
